AoeStats
← 7別再打我了啦

Lombardia

509615533Analyzed
4v4 RM · 6d ago on Sep 27, 2026· 51m 53s· 8 players
Game mode
Random Map
Map size
Large (8 player)
Population
200
Speed
Normal
Resources
Standard
Victory
Conquest
Starting age
Dark Age
Ending age
Imperial Age
RankedLock teamsTeams togetherTeam positionsShared explorationLock speedFull tech treeHidden civsTurbo modeCheats
Victory
Defeat
🇨🇳 Saxons · China
868
+14
🇹🇼 Huns · Taiwan
868
+14
🇨🇳 Burgundians · China
867
+14
🇨🇳 Italians · China
843
+15
🇬🇧 Franks · United Kingdom
870
-29
🇺🇸 Celts · United States
832
-14
🇧🇷 Franks · Brazil
828
-15
🇧🇷 Spanish · Brazil
803
-13
天地银行行长
12:13 Feudal Age
13:10 Horse Collar
13:18 Double-Bit Axe
18:33 Castle Age
19:57 Heavy Plow
20:09 Bow Saw
19:49 Loom
21:04 Stone Mining
25:07 Gold Mining
27:38 Gold Shaft Mining
28:38 Scale Mail Armor
28:48 Forging
32:47 Imperial Age
32:20 Chain Mail Armor
32:41 Iron Casting
31:54 Treadmill Crane
32:16 Murder Holes
32:55 Squires
32:17 Pikeman
32:48 Arson
34:05 Wheelbarrow
33:17 Town Watch
34:35 Conscription
33:37 Elite Hearth Troop
34:23 Halberdier
35:54 Crop Rotation
37:21 Plate Mail Armor
36:33 Shield Wall
37:25 Gambesons
37:37 Gambesons
37:54 Fletching
40:03 Two-Man Saw
39:51 Hand Cart
39:36 Town Patrol
41:51 Heavy Scorpion
41:57 Elite Varangian Guard
43:43 Hoardings
43:15 Capped Ram
45:32 Siege Ram
7別再打我了啦
0:48 Loom
13:11 Feudal Age
15:35 Wheelbarrow
15:04 Double-Bit Axe
18:11 Castle Age
16:45 Gold Mining
16:51 Horse Collar
21:22 Hand Cart
21:23 Bloodlines
21:38 Husbandry
24:14 Pikeman
26:21 Squires
26:07 Arson
26:38 Forging
29:20 Iron Casting
36:27 Imperial Age
34:37 Fletching
34:48 Padded Archer Armor
35:50 Gold Shaft Mining
35:05 Stone Mining
35:35 Bow Saw
36:36 Thumb Ring
36:42 Bodkin Arrow
37:36 Conscription
38:28 Chemistry
38:52 Parthian Tactics
39:06 Bracer
40:08 Caravan
41:17 Heavy Cavalry Archer
46:07 Guilds
49:57 Coinage
3405514463
7:24 Double-Bit Axe
7:26 Horse Collar
9:46 Wheelbarrow
12:58 Feudal Age
12:32 Gold Mining
17:27 Castle Age
15:33 Heavy Plow
16:23 Bow Saw
23:57 Cavalier
25:30 Stone Mining
26:53 Husbandry
28:00 Hand Cart
28:40 Gold Shaft Mining
28:34 Loom
29:26 Scale Barding Armor
29:32 Forging
33:05 Imperial Age
31:30 Ballistics
30:54 Treadmill Crane
32:49 Two-Man Saw
32:28 Crop Rotation
32:30 Chain Barding Armor
32:46 Iron Casting
31:43 Light Cavalry
32:47 Burgundian Vineyards
32:57 Padded Archer Armor
33:02 Fletching
33:17 Paladin
33:26 Hussar
34:36 Conscription
35:53 Blast Furnace
35:32 Plate Barding Armor
34:50 Elite Skirmisher
36:48 Masonry
41:35 Leather Archer Armor
41:20 Bodkin Arrow
495556203
0:35 Loom
11:41 Feudal Age
13:02 Wheelbarrow
12:10 Horse Collar
12:18 Double-Bit Axe
12:35 Stone Mining
13:08 Town Watch
20:21 Castle Age
18:10 Man-at-Arms
21:27 Hand Cart
21:15 Heavy Plow
21:28 Bow Saw
21:11 Gold Mining
32:42 Imperial Age
31:34 Town Patrol
31:34 Fletching
31:44 Padded Archer Armor
31:55 Forging
33:18 Bodkin Arrow
33:39 Leather Archer Armor
33:29 Scale Barding Armor
34:10 Crop Rotation
34:43 Two-Man Saw
34:44 Iron Casting
34:31 Ballistics
35:12 Chemistry
34:39 Squires
35:13 Murder Holes
35:21 Bracer
35:51 Ring Archer Armor
35:22 Scale Mail Armor
36:47 Husbandry
36:09 Light Cavalry
37:01 Bloodlines
37:49 Hussar
39:41 Chain Barding Armor
40:22 Blast Furnace
39:35 Fortified Wall
45:28 Elite Genoese Crossbowman
JackMurricane
13:03 Feudal Age
17:59 Castle Age
19:55 Wheelbarrow
21:53 Hand Cart
24:49 Double-Bit Axe
38:09 Husbandry
42:16 Imperial Age
43:23 Scale Barding Armor
43:01 Cavalier
45:28 Elite Throwing Axeman
ChewedGizmo
12:59 Feudal Age
13:20 Man-at-Arms
16:11 Forging
16:02 Scale Mail Armor
22:06 Castle Age
25:06 Iron Casting
27:56 Loom
30:28 Chain Mail Armor
29:46 Pikeman
38:39 Imperial Age
39:16 Arson
41:03 Blast Furnace
41:11 Plate Mail Armor
41:06 Elite Woad Raider
41:53 Halberdier
43:35 Heavy Scorpion
47:27 Chemistry
52:02 Furor Celtica
RaphaelNM
12:05 Feudal Age
16:15 Castle Age
14:52 Double-Bit Axe
15:44 Wheelbarrow
18:30 Bow Saw
25:05 Gold Mining
27:11 Gold Shaft Mining
26:30 Stone Mining
27:08 Pikeman
27:48 Squires
29:13 Hand Cart
33:33 Imperial Age
32:37 Forging
32:31 Scale Mail Armor
32:51 Loom
32:53 Town Watch
33:52 Husbandry
34:00 Scale Barding Armor
34:11 Fortified Wall
34:39 Conscription
34:22 Chivalry
35:04 Town Patrol
35:27 Chain Barding Armor
35:45 Iron Casting
34:31 Halberdier
34:35 Cavalier
36:56 Plate Barding Armor
36:08 Arson
37:17 Man-at-Arms
37:42 Gambesons
40:18 Long Swordsman
42:38 Chain Mail Armor
43:24 Blast Furnace
43:49 Plate Mail Armor
44:59 Two-Handed Swordsman
46:19 Caravan
48:02 Champion
tamy:)
10:49 Feudal Age
9:05 Loom
16:18 Castle Age
19:11 Wheelbarrow
36:31 Imperial Age
34:17 Hand Cart
38:14 Chemistry
37:10 Murder Holes
37:26 Fortified Wall
37:37 Ballistics
37:46 Conscription
38:09 Thumb Ring
Connection lost

Rejoining the realm…

Still unreachable

The connection could not be restored.

Session expired

The server has moved on; the page needs a fresh start.